 Dungeon Crawl Stone Soup version 0.29-a0-474-gdfe5cd140f (webtiles) character file.

Game seed: 9095211749207539604

408 benadryl the Ruffian (level 6, -7/61 HPs)
             Began as a Troll Artificer on May 22, 2022.
             Mangled by Grinder (8 damage)
             ... on level 5 of the Dungeon on May 23, 2022.
             The game lasted 00:03:55 (2981 turns).

benadryl the Ruffian (Troll Artificer)              Turns: 2981, Time: 00:03:55

Health: -7/61      AC:  5    Str: 23    XL:     6   Next: 57%
Magic:  5/5        EV: 10    Int:  7    God:
Gold:   209        SH:  5    Dex: 10    Spells: 5/5 levels left

rFire   . . .      SeeInvis .     - Unarmed
rCold   . . .      Faith    .   (no shield)
rNeg    . . .      Spirit   .   b - +1 robe
rPois   .          Reflect  +   (helmet restricted)
rElec   .          Harm     .   (no cloak)
rCorr   .          Rampage  .   (gloves unavailable)
Will    .....                   (boots unavailable)
Stlth   +.........              a - amulet of reflection
HPRegen 1.00/turn               (no ring)
MPRegen 0.09/turn               (no ring)

@: lethally poisoned (-7 -> -9), about to teleport
A: large, unfitting armour, claws 3, regeneration 1, shaggy fur 1, tough skin 1
a: no special abilities


You were on level 5 of the Dungeon.
You visited 1 branch of the dungeon, and saw 5 of its levels.

You collected 209 gold pieces.

Inventory:

Armour
 b - a +1 robe (worn)
Jewellery
 a - an amulet of reflection (around neck)
 g - a ring of fire
Wands
 c - a wand of flame (13) (quivered)
 d - a wand of charming (13)
 e - a wand of iceblast (9)
Potions
 f - a potion of heal wounds
 h - a potion of haste
 j - a potion of flight {unknown}
 m - a potion of resistance {unknown}


   Skills:
 + Level 3.1 Fighting
 - Level 1.9 Dodging
 - Level 0.3 Stealth
 * Level 5.4 Unarmed Combat
 - Level 2.1 Evocations


You had 5 spell levels left.
You didn't know any spells.
Your spell library contained the following spells:

 Spells                   Type           Power      Damage    Failure   Level
 Sandblast                Erth           0%         2d4       43%         1
 Passwall                 Tmut/Erth      0%         N/A       56%         2
 Stone Arrow              Conj/Erth      0%         3d7       80%         3
 Airstrike                Air            0%         N/A       99%         4
 Summon Lightning Spire   Summ/Air       0%         N/A       99%         4
 Lightning Bolt           Conj/Air       0%         1d11      100%        5


Dungeon Overview and Level Annotations

Branches:
Dungeon (5/15)
 Temple: D:4-7

Altars:

Annotations:
D:5 Grinder


Innate Abilities, Weirdness & Mutations

You are too large for most types of armour.
You have claws for hands.
Your natural rate of healing is unusually fast.
You are covered in fur. (AC +1)
You have tough skin. (AC +1)


Message History

You block the iguana's attack.
You closely miss the iguana.
You feel sick. You block the scorpion's attack. The iguana barely misses you.
You claw the iguana!
The iguana is severely wounded.
You feel sick.
You are no longer poisoned.
The scorpion stings you. The iguana closely misses you.
Grinder says, "Just stop there for a second..."
Level annotation: Grinder Welcome back, benadryl the Troll Artificer.
Press ? for a list of commands and other information.
Okay, then.
As you read the scroll labelled KULUM HAFO ITA, it crumbles to dust.
You hear a loud clanging noise!
It was a scroll of noise.
You hear a shout! x2; You hear a bark!
You hear a shout!
You block the scorpion's attack. The iguana closely misses you.
As you read the scroll labelled WYM XIKEVUILEBEU, it crumbles to dust.
It is a scroll of enchant weapon.
You aren't carrying any weapons that can be enchanted.
The scorpion stings you.
* * * LOW HITPOINT WARNING * * *
The iguana bites you but does no damage.
The scorpion stings you.
* * * LOW HITPOINT WARNING * * *
You are poisoned.
The scorpion poisons you!
As you read the scroll labelled SUQOXK FACYEL, it crumbles to dust.
It is a scroll of enchant armour.
Your +0 robe glows green for a moment.
You feel very sick. The scorpion barely misses you. The iguana bites you!
* * * LOW HITPOINT WARNING * * *
Grinder blinks!
As you read the scroll labelled PUCLAU IPRUFA, it crumbles to dust.
You feel strangely unstable.
It was a scroll of teleportation.
* * * LOW HITPOINT WARNING * * *
You feel sick. The scorpion closely misses you. Grinder hits you!
You die...

# # ..#
#.######..#
#..§l@....#
#...s.5#..#
#......+
..#
##.....# #
#........
#.........
#..........
#..........


You could see Grinder, a scorpion and an iguana.

Vanquished Creatures
  A necrophage (D:4)
  A scorpion (D:4)
  A gnoll shaman (D:2)
  A jelly (D:4)
  3 orc wizards
  5 gnolls
  An adder (D:4)
  3 dart slugs
  8 orcs
  5 bats
  7 endoplasms
  A giant cockroach (D:1)
  8 goblins
  7 hobgoblins
  7 jackals
  7 kobolds
  2 quokkas
  11 ball pythons
  3 frilled lizards
  7 rats
89 creatures vanquished.

Vanquished Creatures (others)
  An orc (D:3)
  5 plants (D:3)
6 creatures vanquished.

Grand Total: 95 creatures vanquished

Notes
Turn   | Place    | Note
-------+----------+-------------------------------------------
     0 | D:1      | benadryl the Troll Artificer began the quest for the Orb.
     0 | D:1      | Reached XP level 1. HP: 18/18 MP: 0/0
   100 | D:1      | Reached skill level 1 in Fighting
   152 | D:1      | Reached skill level 1 in Unarmed Combat
   169 | D:1      | Reached XP level 2. HP: 25/27 MP: 1/1
   480 | D:1      | Reached skill level 2 in Unarmed Combat
   620 | D:2      | Reached XP level 3. HP: 33/33 MP: 2/2
  1170 | D:3      | Reached skill level 3 in Unarmed Combat
  1170 | D:3      | Reached XP level 4. HP: 37/42 MP: 3/3
  1512 | D:3      | Reached XP level 5. HP: 39/49 MP: 4/4
  1568 | D:3      | Reached skill level 4 in Unarmed Combat
  2358 | D:4      | Reached XP level 6. HP: 59/59 MP: 5/5
  2467 | D:4      | Reached skill level 5 in Unarmed Combat
  2964 | D:5      | Entered Level 5 of the Dungeon
  2964 | D:5      | Noticed Grinder
  2967 | D:5      | Paralysed by Grinder for 3 turns
  2978 | D:5      | Upgraded the game from 0.29-a0-472-ge5599a681e to
                  | 0.29-a0-474-gdfe5cd140f
  2980 | D:5      | HP: 1/61 [iguana (12)]
  2981 | D:5      | Mangled by Grinder

Illustrated notes

Levels and vault maps discovered:
D:1:      nagdon_arrival_double_spiral, layout_rooms,
          shapermc_ecumenical_altar_mp_urbaneastern, grunt_decor_arrowhead
D:2:      layout_basic, corner_web_ring
D:3:      layout_basic, supply_closet_lemuel, nicolae_grassy_gnolls
D:4:      layout_loops_cross, minmay_between
D:5:      layout_basic, minmay_temple_entry_waves,
          hangedman_abyss_or_decor_lesser_grid, uniq_grinder, uniq_eustachio

Skill      XL: |  1  2  3  4  5  6 |
---------------+-------------------+-----
Fighting       | 1 2 3 |  3.1
Unarmed Combat | 1 2 3 4 5 |  5.4
Dodging        | |  1.9
Stealth        | |  0.3
Evocations     | |  2.1

Action                   |  1- 3 |  4- 6 || total
-------------------------+-------+-------++-------
Melee: Unarmed           |   127 |   145 ||   272
       Punch             |     1 |     1 ||     2
Evoke: Wand              |       |     4 ||     4
  Use: Scroll            |       |     8 ||     8
       Potion            |       |     1 ||     1
Armor: Robe              |    53 |    45 ||    98
Dodge: Dodged            |    85 |    90 ||   175
Block: Other             |       |    23 ||    23
       Reflection        |       |     1 ||     1

Table legend: (Time is in decaauts)
 A = Elapsed time spent in this place.
 B = Non-inter-level travel time spent in this place.
 C = Inter-level travel time spent in this place.
 D = Time resting spent in this place.
 E = Time spent auto-exploring this place.
 F = Levels seen in this place.
 G = Mean time per level.
                   A        B        C        D        E       F      G
               +--------+--------+--------+--------+--------+-----+--------+
         Total |   2968 |   2909 |     59 |    452 |   1884 |   5 |  593.6 |
       Dungeon |   2968 |   2909 |     59 |    452 |   1884 |   5 |  593.6 |
               +--------+--------+--------+--------+--------+-----+--------+

Top non-repeatable levels by time:
     D:2: 1007 daAuts
     D:3: 730 daAuts
     D:1: 608 daAuts
     D:4: 605 daAuts
     D:5: 16 daAuts
